Workbook
Name Company: [1]Cover!$B$8
Name REPORT_DATE: [1]Cover!$B$16
Name year: [1]Cover!$B$12
Name Yes: #REF!
Name Yes: #REF!

Sheet Cover
A2: LIQUIDITY RISK RETURN
AM3: Select Name of Insurer/ Financial Holding Company
AM4: Assuria Life (T&T) Ltd
A5: Of | AM5: Bancassurance Caribbean Limited
AM6: Bankers Insurance Company of Trinidad and Tobago Limited
A7: Trinidad & Tobago Long Term and General Insurers & Financial Holding Companies | AM7: British American Insurance Company (Trinidad) Limited
AM8: Capital Insurance limited
AM9: Caribbean Atlantic Life Insurance Company Limited (CALICO)
AM10: CG United Insurance TT Ltd.
AM11: Colonial Fire & General Insurance Company Limited
AM12: Colonial Life Insurance Company (Trinidad) Limited
AM13: Cuna Caribbean Insurance Society Limited
A14: Select Name of Insurer/ Financial Holding Company | AM14: Export-Import Bank of Trinidad and Tobago (Eximbank) Limited
A15: Please Enter the Address of the Financial Institution | AM15: Furness Anchorage General Insurance Limited
A16: City | D16: Postal Code | AM16: General Accident Insurance Company (Trinidad and Tobago) Limited
AM17: Guardian General Insurance Limited
AM18: Guardian Life of the Caribbean Limited
A19: For The Year | AM19: Gulf Insurance Limited
AM20: Maritime General Insurance Company Limited
AM21: Maritime Life (Caribbean) Limited
A22: Report Date: | AM22: NAGICO Insurance (Trinidad and Tobago) Limited
AM23: Nationwide Insurance Company Limited
A24: DD/MMM/YYYY | AM24: Pan-American Life Insurance Company of Trinidad and Tobago Limited
AM25: Republic Life Insurance Company Limited
AM26: Sagicor General Insurance Trinidad & Tobago Limited
AM27: Sagicor Life Insurance Trinidad & Tobago Limited
AM28: ScotiaLife Trinidad and Tobago Limited
A29: Date Submitted | AM29: Tatil Life Assurance Limited
AM30: The Beacon Insurance Company Limited
F31: 45785 | AM31: The Demerara Life Assurance Company of Trinidad and Tobago Limited
A32: DD/MMM/YYYY | AM32: The Great Northern Insurance Company Limited
AM33: The Insurance Company of the West Indies (Trinidad) Limited
A34: Financial Year End | AM34: The New India Assurance Company (Trinidad and Tobago) Limited
AM35: The Presidential Insurance Company Limited
AM36: Trinidad and Tobago Insurance Limited
A37: DD/MMM/YYYY | AM37: Trinre Insurance Company Limited
AM38: United Security Life Insurance Company Limited
B40: Liquidity Risk Return as stipulated by the Inspector of Financial Institutions
A42: Insurance Act, 2018 | E42: V1.0, Last updated: March 2025
C44: Annual Return approved by the Central Bank of Trinidad and Tobago

Sheet Instructions
A1: INSTRUCTIONS
A3: The Central Bank of Trinidad and Tobago (Central Bank) has developed a Liquidity Risk Return to help insurers and Financial Holding Companies (FHCs) measure and monitor their liquidity risk using two specific liquidity metrics. The instructions provided are meant to guide the completion of this Return.
A5: LIQUIDITY METRICS
A6: 1) | B6: The Insurance Liquidity Ratio (ILR) is calculated by dividing the insurer's/FHC's available liquidity by its liquidity needs. The ratio measures the amount of highly liquid assets compared to the stressed liquidity needs over different time periods, based on stress tests. The numerator (highly liquidity assets) is determined by applying specific factors to balance sheet items.
A7: 2) | B7: The Liquidity Excess/(Gap) examines insurers'/FHCs liquidity over various time horizons by subtracting cash outflows from cash inflows. This analysis is conducted under both normal and stressed scenarios. By assessing the timing of cash inflows and outflows, any cash flow mismatches can be identified and highlighted.
A8: Refer to section 4.3.7 of the Guideline on the Management of Liquidity Risk for Insurers (Guideline) when assessing liquidity needs and cash flows under stressed scenarios.
A10: Note the following when filling out the worksheets:
A11: 1) | B11: All amounts should be reported in Trinidad and Tobago dollars rounded to the nearest dollar. Foreign currency values should be reported at the equivalent Trinidad and Tobago dollars.
A12: 2) | B12: Do not insert or delete rows/columns, rename tabs, or format the cells in this workbook. If changes are required to the workbook, please send the request to the Central Bank.
A13: 3) | B13: If more space is needed when filling out any of the tables, please provide the additional information on a separate Excel spreadsheet. Make sure to follow the same table format as in the original document.
A14: 4) | B14: Refer to the "Legend" tab for definitions of color-coded cells in the tables. Do not lock any cells or tabs.
A15: 5) | B15: Use the "Notes" tab to include any additional information that may be relevant.
A16: 6) | B16: Before submitting, please conduct a thorough quality check. This should include, but is not limited to: a. Ensuring data quality and integrity e.g., data entered in all required cells, correct units used, consistent information across all parts of the submission; b. Verifying the file naming convention is correct; and c. Checking for any other potential issues.
A17: 7) | B17: Ratings refer to the rating of the instrument. If the security is not rated, the rating of the issuer applies. For credit ratings, please refer to the list of recognized Credit Rating Agencies and their Equivalency Mapping on the Central Bank of Trinidad and Tobago’s website.
B18: guideline-use-of-credit-rating-regulated-entities_2.pdf
A20: INSURANCE LIQUIDITY RATIO (ILR)
A22: Each insurer/FHC is required to complete the ILR worksheet according to the descriptions provided below. Note that some items in the "stressed liquidity requirements" section may apply only to long term insurance business or only to general insurance business. Therefore, only the items that are relevant to the insurer's/FHC's business should be filled out.
A24: Highly Liquid Assets are classified as Level 1, Level 2A, or Level 2B. Level 1 assets are generally those of the highest quality and liquidity and more likely to have willing buyers in very short horizons, even during stressed conditions. Level 2 assets are still of high quality but will generally incur larger haircuts and/or take more time to find a buyer than Level 1 assets.
A25: 1 | B25: Level 1 | C25: sum of 2 to 3
A26: =A25+1 -> 2 | B26: Cash and demand deposits | C26: Considered the most liquid category of liquidity sources and covers all holdings of cash, including cash and currency on hand, demand deposits with banks or other financial institutions, or other kinds of accounts that have the general characteristics of demand deposits.This category does not include any instruments with restricted withdrawal or usage.
A27: =A26+1 -> 3 | B27: Bonds or other evidence of indebtedness issued or guaranteed by the Government of Trinidad and Tobago or Multilateral Agencies | C27: Bonds or other evidence of indebtedness issued or guaranteed by the Government of Trinidad and Tobago or Multilateral Agencies assigned a 0% risk factor under The Insurance (Capital Adequacy) Regulations, 2020
A28: =A27+1 -> 4 | B28: Level 2A | C28: sum of 5 to 7
A29: =A28+1 -> 5 | B29: Bonds or other evidence of indebtedness Rated "AA– or higher" | C29: Rated "AA- or higher" and not issued by a financial institution or its affiliates
A30: =A29+1 -> 6 | B30: Asset Backed Securities Rated "AA– or higher" | C30: Rated "AA- or higher"
A31: =A30+1 -> 7 | B31: Other assets | C31: Demonstrated to have low credit risk, low volatility, and readily marketable and has a proven record as a reliable source of liquidity during stressed market conditions, with a rating of AA- or higher.
A32: =A31+1 -> 8 | B32: Level 2B | C32: sum of 9 to 12
A33: =A32+1 -> 9 | B33: Bonds or other evidence of indebtedness Rated "BBB-" to "A+" | C33: Rated "BBB-" to A+" and not issued by a financial institution or its affiliates
A34: =A33+1 -> 10 | B34: Asset Backed Securities Rated "BBB-" to "A+" | C34: Rated "BBB-" to A+"
A35: =A34+1 -> 11 | B35: Quoted Common shares | C35: Publicly traded on a major exchange and not issued by a financial institution or its affiliates
A36: =A35+1 -> 12 | B36: Other assets | C36: Demonstrated to have low credit risk, low volatility, and readily marketable and has a proven record as a reliable source of liquidity during stressed market conditions, with a rating of "BBB-" to "A+"
A37: =A36+1 -> 13 | B37: Total Available Liquidity | C37: Level 1 + Level 2A + Level 2B
A39: Stressed Liquidity Requirements
A40: =+A37+1 -> 14 | B40: Insurance Business Liquidity Needs | C40: sum of 15 to 25
A41: =+A40+1 -> 15 | B41: Mortality | C41: Mortality claims resulting in higher than projected benefits pay-outs
A42: =+A41+1 -> 16 | B42: Disability/morbidity | C42: Disability and morbidity claims resulting in higher than projected benefits pay-outs
A43: =+A42+1 -> 17 | B43: Policyholder lapses, surrenders and withdrawals | C43: Higher than expected policyholder lapses, surrenders and withdrawals
A44: =+A43+1 -> 18 | B44: Derivatives margin and collateral | C44: Margin and collateral calls
A45: =+A44+1 -> 19 | B45: Liability for remaining coverage | C45: Liability for remaining coverage that can potentially generate liquidity stress in cases where policyholders have the ability to cancel policies and to receive premium refunds
A46: =+A45+1 -> 20 | B46: Liability for incurred claims (excluding CAT risk) | C46: Liquidity needs generated by liability for incurred claims for the current year, excluding catastrophe claims (including loss adjustment expenses (LAE))
A47: =+A46+1 -> 21 | B47: Claims, benefits and other expenses paid | C47: Payments made to the policyholder as required by the terms of the insurance contract.
A48: =+A47+1 -> 22 | B48: Reinsurance recoverables | C48: Liquidity needs generated by the failure of the company’s reinsurer to pay on time (or at all).
A49: =+A48+1 -> 23 | B49: CAT risk | C49: Catastrophe events resulting in higher than projected benefits pay-outs, with these amounts to include all sources of payments from general (re)insurance contracts, where applicable.
A50: =+A49+1 -> 24 | B50: Under-reserving risk for general insurers | C50: Potential sudden liquidity needs related to under-reserving
A51: =+A50+1 -> 25 | B51: Other (specify) | C51: Liquidity needs not included above
A52: =+A51+1 -> 26 | B52: Other Liquidity Needs | C52: sum of 27 to 33
... A60: =+A59+1 -> 34 | B60: Total Liquidity Needs | C60: Insurance Liquidity Needs + Other Liquidity Needs
A62: =+A60+1 -> 35 | C62: Insurance Liquidity Ratio = Total Available Liquidity / Total Liquidity Needs
A64: LIQUIDITY EXCESS/(GAP)
A66: Each insurer/FHC is required to complete the Liquidity Excess/(Gap) worksheet according to the descriptions provided below.
A68: Operating Cash Flows
A69: =+A62+1 -> 36 | B69: Cash inflows | C69: Sum of 37 to 42
A70: =+A69+1 -> 37 | B70: Premiums (Renewals/New Business) and Deposits | C70: Cash inflows from premiums for renewals or new business and deposits
A71: =+A70+1 -> 38 | B71: Cash charges/Fees | C71: Cash inflows from policy fees associated with establishing a new policy or payment method or costs associated with maintaining the policy
A72: =+A71+1 -> 39 | B72: Reinsurance recoveries | C72: Cash inflows from reinsurance recoveries, which are the portion of claims related losses that an insurer has recovered from reinsurance companies
A73: =+A72+1 -> 40 | B73: Expenses | C73: Related party settlements: cash inflows from related parties as reimbursement for expenses paid
A74: =+A73+1 -> 41 | B74: Tax payments (inflows) | C74: Cash inflows from statutory tax authorities
A75: =+A74+1 -> 42 | B75: Other flows (specify): | C75: other cash inflows not listed above
A76: =+A75+1 -> 43 | B76: Cash outflows | C76: Sum of 44 to 50
A77: =+A76+1 -> 44 | B77: Claims and other policyholder benefits | C77: Cash outflows from claims and benefits paid to policyholders/beneficiaries in the form of a lump sum, instalments or various types of annuities
A78: =+A77+1 -> 45 | B78: Expenses | C78: Cash outflows from expenses, which may include advertising, commissions paid, administrative and acquisition costs and costs for reinsurance.
A79: =+A78+1 -> 46 | B79: Related party settlements | C79: Cash outflows for expenses paid on behalf of related parties
A80: =+A79+1 -> 47 | B80: Reinsurance payments | C80: Cash outflows from reinsurance expenses
A81: =+A80+1 -> 48 | B81: Commissions | C81: Cash outflows from commission expenses
... A84: =+A83+1 -> 51 | B84: Net expected operating cash flow = | C84: Operating cash inflows - Operating cash outflows
A86: Investing Cash Flows
A87: =+A84+1 -> 52 | B87: Cash inflows | C87: Sum of 53 to 56
A88: =+A87+1 -> 53 | B88: Assets sales/Asset maturities | C88: Cash inflows from sale of assets such as bonds, equities, real estate etc, as well as from maturing assets and subsequent principal payments received on a bond/loan
A89: =+A88+1 -> 54 | B89: Investment Income | C89: Cash inflows from interest received on bonds and other interest-bearing investments, and rental income from real estate holdings.
A90: =+A89+1 -> 55 | B90: Dividends received | C90: Cash inflows from dividends received from equity investments
A91: =+A90+1 -> 56 | B91: Other flows (specify) | C91: Other cash inflows not listed above
A92: =+A91+1 -> 57 | B92: Cash inflows | C92: Sum of 58 to 60
A93: =+A92+1 -> 58 | B93: Asset purchases | C93: Cash outflows from purchase of assets on the general account
A94: =+A93+1 -> 59 | B94: Investment commitments | C94: Cash outlfows from investment related fees and transaction costs that are not directly related to specific asset purchases
A95: =+A94+1 -> 60 | B95: Other flows (specify) | C95: Other cash outflows not listed above
A96: =+A95+1 -> 61 | B96: Net expected investing cash flow | C96: Investing cash inflows - Investing cash outflows
A98: Financing Cash Flows
A99: =+A96+1 -> 62 | B99: Cash inflows | C99: Sum of 63 to 70
A100: =+A99+1 -> 63 | B100: Capital contributions | C100: Cash inflows from capital contributions, i.e. an agreement by an individual or corporation to provide new capital to a company
A101: =+A100+1 -> 64 | B101: Dividends from subsidiaries | C101: Cash inflows from dividends received from subsidiaries
A102: =+A101+1 -> 65 | B102: Debt issuance/Refinancing | C102: Cash inflows from debt issuance/refinancing
A103: =+A102+1 -> 66 | B103: Credit facilities (including contingency facilities) | C103: Cash inflows from credit facilities (including contingency facilities)
A104: =+A103+1 -> 67 | B104: Related party loans | C104: Cash inflows from related party loans
A105: =+A104+1 -> 68 | B105: Repo/ Securities lending | C105: Cash inflows from Repo/ Securities lending
A106: =+A105+1 -> 69 | B106: Commercial paper | C106: Cash inflows from Commercial paper
A107: =+A106+1 -> 70 | B107: Other flows (specify) | C107: Other cash inflows not listed above
A108: =+A107+1 -> 71 | B108: Cash outflows | C108: Sum of 72 to 78
A109: =+A108+1 -> 72 | B109: Dividends to parents | C109: Cash outflows from dividends paid to parents
A110: =+A109+1 -> 73 | B110: Shareholder dividends | C110: Shareholder dividends: cash outflows from dividends paid to shareholders
A111: =+A110+1 -> 74 | B111: Capital contributions to subsidiaries | C111: Cash outflows from injections to subsidiaries
... A116: =+A115+1 -> 79 | B116: Net expected financing cash flow | C116: Financing cash inflows - Financing cash outflows
A118: =+A116+1 -> 80 | B118: Liquidity Excess/(Gap) | C118: Net expected operating cash flow + Net expected investing cash flow + Net expected financing cash flow

Sheet Legend
B1: No colour: numerical entry only, unless specified
B2: Light Yellow: no entry is permitted
B3: Dark Blue: sub-totals and formulas, no entry is permitted
B4: Light Blue: formulae, no entry is permitted

Sheet ILR
B1: ILR
A3: =Cover!A14 -> Select Name of Insurer/ Financial Holding Company
A4: Insurer/Financial Holding Company
A6: LIQUIDITY RISK RETURN
A7: FOR THE PERIOD ENDED: | D7: =Cover!A23 -> 0
B9: INSURANCE LIQUDITY RATIO (ILR)
A11: HIGHLY LIQUID ASSETS | B11: Item | C11: Up to 3 months | F11: Up to 12 months
C12: Specified Factor | D12: Market Values $ | E12: Amount $ (A x B) | F12: Specified Factor | G12: Market Values $ | H12: Amount $ (D x E)
C13: A | D13: B | E13: C | F13: D | G13: E | H13: F
A14: Level 1 | B14: 1 = sum of 2 to 3 | D14: =D15+D16 -> 0 | E14: =E15+E16 -> 0 | G14: =SUM(G15:G16) -> 0 | H14: =SUM(H15:H16) -> 0
A15: Cash and demand deposits | B15: 2 | C15: 1 | E15: =C15*D15 -> 0 | F15: 1 | H15: =F15*G15 -> 0
A16: Bonds or other evidence of indebtedness issued or guaranteed by the Government of Trinidad and Tobago or Multilateral Agencies | B16: 3 | C16: 1 | E16: =C16*D16 -> 0 | F16: 1 | H16: =F16*G16 -> 0
A18: Level 2A | B18: 4 = sum of 5 to 7 | D18: =SUM(D19:D21) -> 0 | E18: =SUM(E19:E21) -> 0 | G18: =SUM(G19:G21) -> 0 | H18: =SUM(H19:H21) -> 0
A19: Bonds or other evidence of indebtedness Rated "AA–" or higher | B19: 5 | C19: 0.95 | E19: =C19*D19 -> 0 | F19: 1 | H19: =F19*G19 -> 0
A20: Asset Backed Securities Rated "AA–" or higher | B20: 6 | C20: 0.95 | E20: =C20*D20 -> 0 | F20: 1 | H20: =F20*G20 -> 0
A21: Other assets | B21: 7 | C21: 0.95 | E21: =C21*D21 -> 0 | F21: 1 | H21: =F21*G21 -> 0
A23: Level 2B | B23: 8 = sum of 9 to 12 | D23: =SUM(D24:D27) -> 0 | E23: =SUM(E24:E27) -> 0 | G23: =SUM(G24:G27) -> 0 | H23: =SUM(H24:H27) -> 0
A24: Bonds or other evidence of indebtedness Rated "BBB-" to "A+" | B24: 9 | C24: 0.6 | E24: =C24*D24 -> 0 | F24: 0.7 | H24: =F24*G24 -> 0
A25: Asset Backed Securities Rated "BBB-" to "A+" | B25: 10 | C25: 0.6 | E25: =C25*D25 -> 0 | F25: 0.7 | H25: =F25*G25 -> 0
A26: Quoted Common shares | B26: 11 | C26: 0.4 | E26: =C26*D26 -> 0 | F26: 0.5 | H26: =F26*G26 -> 0
A27: Other assets | B27: 12 | C27: 0.6 | E27: =C27*D27 -> 0 | F27: 0.7 | H27: =F27*G27 -> 0
A29: Total Available Liquidity | B29: 13 = 1 + 4 + 8 | E29: =E14+E18+E23 -> 0 | H29: =H14+H18+H23 -> 0
A32: STRESSED LIQUIDITY REQUIREMENTS | B32: Item | C32: Up to 3 months | F32: Up to 12 months
E33: Amount $ | H33: Amount $
E34: G | H34: H
A35: Insurance Business Liquidity Needs | B35: 14 = sum of 15 to 25 | E35: =SUM(E36:E46) -> 0 | H35: =SUM(H36:H46) -> 0
A36: Mortality | B36: 15
A37: Disability/morbidity | B37: 16
A38: Policyholder lapses, surrenders and withdrawals | B38: 17
A39: Derivatives margin and collateral | B39: 18
A40: Liability for remaining coverage | B40: 19
A41: Liability for incurred claims (excluding CAT risk) | B41: 20
A42: Claims, benefits and other expenses paid | B42: 21
A43: Reinsurance recoverables | B43: 22
A44: CAT Risk | B44: 23
A45: Under-reserving risk for general insurers | B45: 24
A46: Other (specify) | B46: 25 | E46: =SUM(E47:E50) -> 0 | H46: =SUM(H47:H50) -> 0
A52: Other Liquidity Needs | B52: 26 = sum of 27 to 33 | E52: =SUM(E53:E59) -> 0 | H52: =SUM(H53:H59) -> 0
A53: Operational | B53: 27
A54: Cyber risk | B54: 28
A55: Debt that can be accelerated | B55: 29
A56: Credit facilities (including contingency facilities) | B56: 30
A57: Material legal decisions | B57: 31
A58: Potential liquidity needs from a downgrade | B58: 32
A59: Other (specify) | B59: 33 | E59: =SUM(E60:E63) -> 0 | H59: =SUM(H60:H63) -> 0
A65: Total Liquidity Needs | B65: 34 = 14 + 26 | E65: =E35+E52 -> 0 | H65: =H35+H52 -> 0
A67: INSURANCE LIQUIDITY RATIO (ILR) | B67: 35 = 13 / 34 | E67: =IFERROR(E29/E65,"") | H67: =IFERROR(H29/H65,"")

Sheet Liquidity Excess (Gap)
B1: LIQUIDITY EXCESS/(GAP)
A3: =Cover!A14 -> Select Name of Insurer/ Financial Holding Company
A4: Insurer/Financial Holding Company
A6: LIQUIDITY RISK RETURN
A7: FOR THE PERIOD ENDED: | C7: =Cover!A23 -> 0
B9: LIQUIDITY EXCESS/(GAP)
B11: Item | C11: NORMAL CASH FLOWS | G11: STRESSED CASH FLOWS
A12: OPERATING CASH FLOWS | C12: One month | D12: Up to 3 months | E12: Up to 12 months | G12: One month | H12: Up to 3 months | I12: Up to 12 months
A13: Cash inflows | B13: 36 = sum of 37 to 42 | C13: =SUM(C14:C19) -> 0 | D13: =SUM(D14:D19) -> 0 | E13: =SUM(E14:E19) -> 0 | G13: =SUM(G14:G19) -> 0 | H13: =SUM(H14:H19) -> 0 | I13: =SUM(I14:I19) -> 0
A14: Premiums (Renewals/New business) and deposits | B14: 37
A15: Cash charges/Fees | B15: 38
A16: Reinsurance recoveries | B16: 39
A17: Expenses - Related party settlements | B17: 40
A18: Tax payments (inflows) | B18: 41
A19: Other flows (specify) | B19: 42 | C19: =SUM(C20:C23) -> 0 | D19: =SUM(D20:D23) -> 0 | E19: =SUM(E20:E23) -> 0 | G19: =SUM(G20:G23) -> 0 | H19: =SUM(H20:H23) -> 0 | I19: =SUM(I20:I23) -> 0
A25: Cash Outflows | B25: 43 = sum of 44 to 50 | C25: =SUM(C26:C33) -> 0 | D25: =SUM(D26:D33) -> 0 | E25: =SUM(E26:E33) -> 0 | G25: =SUM(G26:G33) -> 0 | H25: =SUM(H26:H33) -> 0 | I25: =SUM(I26:I33) -> 0
A26: Claims and other policyholder benefits | B26: 44
A27: Expenses | B27: 45
A28: Related party settlements | B28: 46
A29: Reinsurance payments | B29: 47
A30: Commissions | B30: 48
A31: Tax payments (outflows) | B31: 49
A32: Other flows (specify) | B32: 50 | C32: =SUM(C33:C36) -> 0 | D32: =SUM(D33:D36) -> 0 | E32: =SUM(E33:E36) -> 0 | G32: =SUM(G33:G36) -> 0 | H32: =SUM(H33:H36) -> 0 | I32: =SUM(I33:I36) -> 0
A38: Net expected operating cash flows | B38: 51 = 36 - 43 | C38: =C13-C25 -> 0 | D38: =D13-D25 -> 0 | E38: =E13-E25 -> 0 | G38: =G13-G25 -> 0 | H38: =H13-H25 -> 0 | I38: =I13-I25 -> 0
A41: INVESTING CASH FLOWS | C41: One month | D41: Up to 3 months | E41: Up to 12 months | G41: One month | H41: Up to 3 months | I41: Up to 12 months
A42: Cash Inflows | B42: 52 = sum of 53 to 56 | C42: =SUM(C43:C46) -> 0 | D42: =SUM(D43:D46) -> 0 | E42: =SUM(E43:E46) -> 0 | G42: =SUM(G43:G46) -> 0 | H42: =SUM(H43:H46) -> 0 | I42: =SUM(I43:I46) -> 0
A43: Assets sales/Asset maturities | B43: 53
A44: Investment Income | B44: 54
A45: Dividends received | B45: 55
A46: Other flows (specify) | B46: 56 | C46: =SUM(C47:C50) -> 0 | D46: =SUM(D47:D50) -> 0 | E46: =SUM(E47:E50) -> 0 | G46: =SUM(G47:G50) -> 0 | H46: =SUM(H47:H50) -> 0 | I46: =SUM(I47:I50) -> 0
A52: Cash Outflows | B52: 57 = sum of 58 to 60 | C52: =SUM(C53:C55) -> 0 | D52: =SUM(D53:D55) -> 0 | E52: =SUM(E53:E55) -> 0 | G52: =SUM(G53:G55) -> 0 | H52: =SUM(H53:H55) -> 0 | I52: =SUM(I53:I55) -> 0
A53: Asset purchases | B53: 58
A54: Investment commitments | B54: 59
A55: Other flows (specify) | B55: 60 | C55: =SUM(C56:C59) -> 0 | D55: =SUM(D56:D59) -> 0 | E55: =SUM(E56:E59) -> 0 | G55: =SUM(G56:G59) -> 0 | H55: =SUM(H56:H59) -> 0 | I55: =SUM(I56:I59) -> 0
A61: Net expected investing cash flows | B61: 61 = 52 - 57 | C61: =C42-C52 -> 0 | D61: =D42-D52 -> 0 | E61: =E42-E52 -> 0 | G61: =G42-G52 -> 0 | H61: =H42-H52 -> 0 | I61: =I42-I52 -> 0
A64: FINANCING CASH FLOWS | C64: One month | D64: Up to 3 months | E64: Up to 12 months | G64: One month | H64: Up to 3 months | I64: Up to 12 months
A65: Cash Inflows | B65: 62 = sum of 63 to 70 | C65: =SUM(C66:C73) -> 0 | D65: =SUM(D66:D73) -> 0 | E65: =SUM(E66:E73) -> 0 | G65: =SUM(G66:G73) -> 0 | H65: =SUM(H66:H73) -> 0 | I65: =SUM(I66:I73) -> 0
A66: Capital contributions | B66: 63
A67: Dividends from subsidiaries | B67: 64
A68: Debt issuance/Refinancing | B68: 65
A69: Credit facilities (including contingency facilities) | B69: 66
A70: Related party loans | B70: 67
A71: Repo/ Securities lending | B71: 68
A72: Commercial paper | B72: 69
A73: Other flows (specify) | B73: 70 | C73: =SUM(C74:C77) -> 0 | D73: =SUM(D74:D77) -> 0 | E73: =SUM(E74:E77) -> 0 | G73: =SUM(G74:G77) -> 0 | H73: =SUM(H74:H77) -> 0 | I73: =SUM(I74:I77) -> 0
A79: Cash Outflows | B79: 71 = sum of 72 to 78 | C79: =SUM(C80:C86) -> 0 | D79: =SUM(D80:D86) -> 0 | E79: =SUM(E80:E86) -> 0 | G79: =SUM(G80:G86) -> 0 | H79: =SUM(H80:H86) -> 0 | I79: =SUM(I80:I86) -> 0
A80: Dividends to parents | B80: 72
A81: Shareholder dividends | B81: 73
A82: Capital contributions to subsidiaries | B82: 74
A83: Debt maturities/ Debt servicing | B83: 75
A84: Repo/ Securities lending | B84: 76
A85: Related party loans | B85: 77
A86: Other flows (specify) | B86: 78 | C86: =SUM(C87:C90) -> 0 | D86: =SUM(D87:D90) -> 0 | E86: =SUM(E87:E90) -> 0 | G86: =SUM(G87:G90) -> 0 | H86: =SUM(H87:H90) -> 0 | I86: =SUM(I87:I90) -> 0
A92: Net expected financing cash flows | B92: 79 = 62 -71 | C92: =C65-C79 -> 0 | D92: =D65-D79 -> 0 | E92: =E65-E79 -> 0 | G92: =G65-G79 -> 0 | H92: =H65-H79 -> 0 | I92: =I65-I79 -> 0
A95: LIQUIDITY EXCESS/(GAP) | B95: 80 =51 + 61 + 79 | C95: =C38+C61+C92 -> 0 | D95: =D38+D61+D92 -> 0 | E95: =E38+E61+E92 -> 0 | G95: =G38+G61+G92 -> 0 | H95: =H38+H61+H92 -> 0 | I95: =I38+I61+I92 -> 0

Sheet Notes
C1: NOTES
A3: =Cover!A14 -> Select Name of Insurer/ Financial Holding Company
A4: Insurer/Financial Holding Company
A6: LIQUIDITY RISK RETURN
A7: FOR THE PERIOD ENDED: | D7: =Cover!A23 -> 0
A9: NOTES TO THE LIQUIDITY RISK RETURN
